Map: Moondance

Players

Misery

  • Race: Terran Terran
  • League: Master
  • Spawn Location: 6:00

sauza - Winner!

  • Race: Terran Terran
  • League: Master
  • Spawn Location: 12:00

VOD

Have the link to the VOD?

Description

Time

  • Played on: Dec. 22, 2022, 12:37 a.m.
  • Length: 66:08
Show
View Real Time Build Order
Export as new Build Order

Misery Terran 

Build Orders: 1/1/1 

Get SALT Encoding   

  12  0:00  SCV  
  13  0:12  SCV  
  14  0:17  Supply Depot  
  14  0:24  SCV  
  14  0:27  Refinery  
  15  0:38  SCV  
  16  0:44  Barracks  
  16  0:50  SCV  
  16  0:55  Refinery  
  17  1:02  SCV  
  18  1:14  SCV  
  19  1:31  Orbital Command  
  20  1:32  Reaper  
  20  1:37  Bunker  
  20  1:40  Factory  
  20  1:49  Supply Depot  
  20  1:57  SCV  
  21  2:05  Barracks Reactor  
  21  2:09  SCV  
  22  2:16  Supply Depot  
  22  2:21  SCV  
  23  2:23  Factory Tech Lab  
  23  2:27  Starport  
  23  2:33  SCV  
  24  2:42  Marine x2  
  26  2:45  Siege Tank  
  26  2:50  SCV  
  30  2:57  Supply Depot  
  30  3:00  Marine x2  
  30  3:04  Medivac  
  34  3:08  SCV  
  34  3:17  Marine x2  
  36  3:21  Siege Tank  
  39  3:28  Supply Depot  
  39  3:30  SCV  
  40  3:37  Marine  
  40  3:38  Marine  
  40  3:39  Medivac  
  44  3:43  SCV  
  45  3:55  Marine x2, SCV  
  48  4:15  Marine  
  48  4:16  Marine  
  46  4:20  Factory Tech Lab  
  46  4:26  Raven  
  46  4:27  Command Center  
  48  4:33  Marine x2  
  48  4:35  SCV  
  51  4:46  Siege Tank  
  51  5:07  Marine x2  
  53  5:23  Supply Depot  
  53  5:26  Supply Depot  
  53  5:27  Starport Reactor  
  53  5:40  Supply Depot  
  53  5:41  Orbital Command  
  54  5:44  SCV, Siege Tank  
  57  5:59  Barracks  
  57  6:02  Barracks, Orbital Command  
  54  6:10  Marine  
  55  6:11  Stimpack  
  55  6:12  Viking x2  
  55  6:16  SCV  
  60  6:26  Refinery  
  60  6:30  Marine, SCV  
  62  6:34  SCV  
  62  6:38  Siege Tank  
  66  6:42  SCV  
  66  6:46  SCV  
  68  6:49  Marine  
  68  6:50  Barracks Reactor  
  68  6:53  Viking  
  71  6:55  SCV  
  71  7:00  Marine  
  73  7:08  SCV x2  
  75  7:12  Supply Depot  
  75  7:20  SCV  
  75  7:21  Marine  
  75  7:22  Marine  
  78  7:24  Command Center  
  78  7:26  Supply Depot  
  78  7:27  Marine  
  78  7:29  SCV  
  77  7:34  Siege Tank  
  77  7:36  Marine  
  77  7:37  Marine, Viking  
  81  7:38  Viking  
  86  7:44  Supply Depot  
  86  7:47  Marine x2  
  88  7:52  Combat Shield  
  88  7:54  Marine, SCV x2  
  88  7:55  Marine x2  
  93  8:05  Engineering Bay x2  
  93  8:06  SCV x2  
  93  8:08  Supply Depot  
  95  8:14  Marine x5  
  95  8:18  SCV  
  101  8:22  SCV  
  102  8:30  SCV, Siege Tank  
  102  8:32  Terran Infantry Armor Level 1, Supply Depot, Terran Infantry Weapons Level 1  
  106  8:36  Refinery, SCV  
  107  8:43  Orbital Command  
  105  8:56  Marine x5  
  105  8:59  Supply Depot  
  105  9:00  Supply Depot  
  105  9:01  Supply Depot  
  110  9:06  Siege Tank  
  110  9:07  Viking  
  84  9:24  Marine  
  84  9:26  SCV  
  86  9:31  Refinery  
  86  9:32  SCV x2, Concussive Shells  
  86  9:33  Command Center  
  86  9:38  Armory  
  88  9:56  Medivac x2  
  92  10:06  Barracks x2  
  92  10:16  Siege Tank  
  92  10:18  Sensor Tower  
  95  10:23  Marine x5  
  95  10:26  SCV x2  
  95  10:27  SCV  
  103  10:38  Viking x2  
  103  10:40  Marine  
  103  10:42  SCV x2  
  110  10:43  SCV  
  110  10:46  Refinery  
  111  10:52  Siege Tank, Marauder  
  111  10:54  Barracks Tech Lab x2, Refinery  
  116  10:57  Barracks  
  116  11:00  SCV x2  
  116  11:02  Barracks  
  112  11:23  Marine x5  
  116  11:25  Marauder  
  116  11:26  Marauder  
  116  11:27  SCV x2  
  120  11:36  Orbital Command  
  120  11:41  Marine  
  120  11:45  Barracks Reactor  
  121  11:47  SCV  
  121  11:48  SCV  
  121  11:52  Marine x7  
  130  11:54  Medivac  
  130  11:57  Medivac  
  130  11:58  Marine  
  130  12:00  SCV x2  
  137  12:08  Terran Infantry Weapons Level 2  
  137  12:10  Marine  
  137  12:12  SCV  
  137  12:13  Engineering Bay, SCV x2  
  137  12:14  SCV  
  142  12:25  SCV x3  
  142  12:26  SCV  
  142  12:27  Supply Depot  
  142  12:28  Supply Depot  
  146  12:33  Command Center  
  146  12:35  Marine x6, Marauder x3  
  146  12:36  Medivac  
  146  12:37  Medivac, SCV x3  
  163  12:41  SCV  
  166  12:44  Marine  
  166  12:46  Siege Tank  
  166  12:49  SCV x2  
  172  12:53  Terran Infantry Armor Level 2, Marine x2, Command Center  
  172  12:56  Terran Vehicle Weapons Level 1, Marauder  
  172  12:57  Marauder  
  178  13:05  Marine x3, Marauder  
  182  13:18  Marauder  
  182  13:19  Marine x2, Marauder  
  187  13:37  Marauder  
  187  13:39  Marauder  
  170  13:48  Marine x7  
  157  13:49  Medivac x2, Siege Tank, Marauder  
  157  13:51  SCV  
  167  13:58  Marauder  
  161  14:03  Marine  
  161  14:06  Marine x6  
  161  14:09  Orbital Command  
  120  14:10  Marauder, Orbital Command  
  168  14:11  Marine  
  171  14:19  Marine  
  171  14:21  Marine  
  171  14:23  Marine  
  171  14:24  Marine, Viking x2  
  174  14:25  Marine x2  
  174  14:26  Marine x2  
  174  14:27  Terran Infantry Weapons Level 3  
  174  14:29  Marine  
  169  14:32  Marauder  
  169  14:33  Orbital Command  
  169  14:34  Missile Turret  
  169  14:35  Missile Turret  
  169  14:36  Missile Turret  
  169  14:37  Marine  
  160  14:38  Marine  
  160  14:41  Marine  
  160  14:42  Marine  
  160  14:43  Marine x2, Starport  
  165  14:48  Marine x3, Starport  
  165  14:49  Thor  
  174  14:52  Marine  
  174  14:55  Marine  
  174  14:56  Marine, Armory  
  174  14:59  Marine x2  
  178  15:01  Marine x2  
  178  15:03  Missile Turret  
  178  15:07  Missile Turret  
  181  15:15  Marine x6  
  181  15:17  Viking x2  
  181  15:21  Refinery x2  
  191  15:23  Missile Turret  
  191  15:24  Starport Reactor  
  191  15:25  Missile Turret x2  
  191  15:26  Starport Tech Lab x2  
  191  15:33  Sensor Tower  
  191  15:37  Terran Infantry Armor Level 3, Missile Turret  
  191  15:39  Missile Turret  
  191  15:44  Missile Turret  
  191  15:46  Missile Turret  
  191  15:49  Missile Turret  
  191  15:50  Missile Turret  
  191  15:51  Missile Turret x2  
  191  15:52  Raven x2  
  191  15:56  Terran Vehicle Weapons Level 2  
  195  16:00  Terran Ship Weapons Level 1  
  195  16:12  Marine  
  185  16:45  Raven x2  
  185  16:46  Viking x2  
  193  16:57  Missile Turret  
  193  16:58  Refinery  
  193  17:01  Sensor Tower  
  193  17:09  Command Center  
  193  17:17  Hi-Sec Auto Tracking  
  193  17:22  Missile Turret  
  193  17:24  Missile Turret x2  
  193  17:25  Missile Turret x2  
  193  17:43  Raven x2  
  197  17:55  Orbital Command  
  197  18:01  Missile Turret  
  197  18:02  Missile Turret  
  197  18:05  Missile Turret, Viking  
  199  18:08  Missile Turret  
  199  18:09  Missile Turret  
  199  18:12  Missile Turret x2  
  199  18:16  Missile Turret  
  199  18:18  Missile Turret  
  199  18:22  Terran Vehicle And Ship Armor Level 1, Missile Turret, Terran Ship Weapons Level 2  
  199  18:24  Corvid Reactor  
  199  18:25  Missile Turret  
  199  18:26  Missile Turret  
  199  18:33  Missile Turret  
  182  19:00  Raven x2  
  182  19:01  Viking x2  
  181  19:05  Refinery  
  181  19:06  Refinery  
  181  19:08  Missile Turret x2  
  181  19:09  Missile Turret  
  105  19:35  Viking x2  
  105  19:36  Marine x9  
  112  19:43  Viking  
  106  19:48  Viking  
  101  20:05  Viking  
  99  20:19  SCV x4  
  99  20:20  Viking x2  
  99  20:21  Viking  
  109  20:23  Siege Tank  
  109  20:25  Marine x6  
  109  20:26  Orbital Command, Marauder  
  120  20:29  Refinery x2  
  120  20:30  Command Center  
  120  20:31  SCV x2  
  120  20:32  SCV x2  
  120  20:33  Engineering Bay, Terran Vehicle And Ship Armor Level 2  
  124  20:36  Marine x2  
  124  20:42  Terran Ship Weapons Level 3  
  126  20:43  SCV  
  126  20:47  Engineering Bay  
  126  20:48  Medivac  
  126  20:49  Marine  
  130  20:50  Marine x7, Medivac  
  139  21:01  Missile Turret  
  139  21:02  Viking x2  
  139  21:03  Missile Turret  
  143  21:18  Siege Tank  
  143  21:23  Viking  
  143  21:24  Viking  
  150  21:26  Neosteel Armor  
  150  21:29  SCV x3  
  153  21:41  Viking x2  
  157  21:53  Viking  
  157  22:10  Raven x2  
  160  22:17  Viking  
  160  22:22  Command Center  
  160  22:23  Viking  
  161  22:37  Missile Turret x2  
  161  22:47  Orbital Command  
  161  22:49  Missile Turret  
  161  22:51  Missile Turret  
  161  22:52  Missile Turret  
  161  22:53  Terran Vehicle And Ship Armor Level 3, Raven x2  
  165  23:01  Viking  
  165  23:02  Viking  
  165  23:05  Supply Depot  
  169  23:08  Supply Depot, Refinery  
  169  23:10  Refinery  
  169  23:13  Sensor Tower  
  169  23:19  Terran Vehicle Weapons Level 3  
  169  23:24  Starport  
  169  23:25  Starport  
  169  23:44  Viking x4  
  177  24:03  Starport Tech Lab x2  
  177  24:05  Fusion Core  
  166  24:14  Viking  
  134  24:41  Command Center  
  128  24:58  Advanced Ballistics  
  128  24:59  Liberator x2  
  134  25:01  Viking x4  
  134  25:05  Orbital Command  
  142  25:09  Missile Turret  
  142  25:10  Missile Turret x2  
  142  25:11  Missile Turret  
  142  25:13  Missile Turret x3  
  138  25:31  Viking  
  140  25:38  Ghost Academy  
  140  25:41  Ghost Academy  
  140  25:42  Ghost Academy  
  137  26:17  Viking x2  
  137  26:18  Viking x3  
  145  26:19  Viking  
  147  26:47  Viking x2  
  147  26:48  Viking x2  
  147  27:06  Marine, Siege Tank  
  147  27:07  Marine x6  
  151  27:20  Raven x3  
  155  27:38  Missile Turret  
  154  28:00  Smart Servos  
  154  28:04  Weapon Refit  
  154  28:05  Raven x3  
  160  28:24  Ghost x3  
  166  28:27  Nuke  
  166  28:28  Personal Cloaking, Nuke  
  166  28:53  Ghost  
  168  29:08  Missile Turret x2  
  168  29:09  Command Center  
  168  29:10  Missile Turret, Command Center  
  168  29:12  Missile Turret  
  168  29:13  Missile Turret  
  164  29:37  Nuke  
  164  29:41  Refinery x2  
  164  29:43  Missile Turret  
  164  29:46  Missile Turret  
  164  29:47  Command Center  
  160  29:54  Nuke  
  158  30:09  Ghost x2  
  158  30:10  Ghost  
  164  30:14  Rapid Reignition System  
  164  30:19  Nuke  
  164  30:20  Enhanced Shockwaves  
  164  30:23  Orbital Command x2  
  164  30:27  Missile Turret x2  
  164  30:29  Sensor Tower  
  164  30:30  Missile Turret  
  160  31:20  Ghost x3  
  160  31:23  Nuke  
  165  31:31  Command Center  
  165  31:39  Nuke  
  165  31:58  Ghost x3  
  171  32:06  Refinery  
  171  32:07  Refinery  
  171  32:10  Marine  
  171  32:11  Marine x5  
  177  32:20  Missile Turret  
  177  32:21  Missile Turret x2  
  177  32:22  Missile Turret  
  177  32:45  Raven  
  177  32:46  Raven  
  177  32:49  Nuke  
  181  32:53  Orbital Command  
  178  33:02  Refinery  
  178  33:03  Refinery  
  166  33:28  Nuke x2  
  166  33:40  Ghost x3  
  172  33:42  Missile Turret x2  
  172  33:45  Missile Turret  
  172  33:56  Marine x2  
  172  33:57  Marine x2  
  171  34:33  Nuke x2  
  165  34:45  Command Center  
  165  34:51  Ghost  
  165  34:52  Ghost x2  
  171  34:54  Viking x4  
  177  35:30  Command Center  
  177  36:06  Ghost x3  
  177  36:08  Viking x3  
  189  36:22  Missile Turret, Refinery x2  
  189  36:36  Nuke  
  189  36:37  Nuke  
  185  36:47  Sensor Tower  
  185  37:12  Nuke  
  185  37:24  Barracks Reactor  
  185  37:38  Nuke x2  
  185  37:43  Command Center, Orbital Command  
  179  38:04  Nuke  
  179  38:21  SCV x6  
  185  39:17  Missile Turret, Command Center  
  185  39:18  Nuke x2  
  185  39:37  Missile Turret  
  185  39:51  Orbital Command  
  183  40:11  Refinery x2  
  183  40:19  Raven x2  
  183  40:20  Raven  
  189  40:21  Viking x2  
  189  40:22  Nuke  
  189  40:23  Nuke  
  193  40:33  Nuke  
  191  41:18  Viking x4  
  197  42:10  Command Center  
  192  42:26  Command Center  
  192  42:27  Command Center  
  192  42:31  Viking x4  
  192  42:33  Command Center  
  200  43:00  Missile Turret  
  200  43:01  Sensor Tower  
  199  43:27  SCV  
  199  43:30  Refinery  
  199  43:32  Nuke x3  
  198  43:44  Viking  
  198  43:47  Refinery, Orbital Command  
  200  43:48  Refinery  
  200  43:52  Orbital Command  
  200  43:54  Orbital Command  
  200  43:55  Sensor Tower  
  200  44:01  Refinery  
  200  44:03  Missile Turret  
  200  44:40  Missile Turret  
  196  44:48  Command Center  
  196  44:57  Nuke x2  
  196  45:08  Nuke  
  154  45:49  Viking x3  
  156  45:50  Viking  
  143  46:12  Command Center  
  143  46:15  Viking  
  145  46:19  Viking x2  
  141  46:37  Nuke  
  139  47:12  Orbital Command  
  139  47:13  Marine x6  
  139  47:14  Marauder  
  135  47:36  SCV  
  128  47:54  Orbital Command  
  128  47:57  Orbital Command x2  
  127  48:47  Viking x3  
  127  48:48  Raven  
  135  48:54  SCV x5  
  140  48:57  SCV x2  
  142  49:17  Raven  
  142  49:19  SCV x6  
  142  49:22  Viking x2  
  154  49:31  Viking  
  155  49:43  Nuke x3  
  144  50:24  SCV x2  
  144  50:27  Refinery x2  
  142  50:40  SCV x4  
  142  50:41  SCV x2  
  141  51:14  Command Center  
  141  51:16  Command Center  
  141  51:17  SCV x4, Orbital Command  
  143  51:21  Command Center  
  142  51:31  Refinery  
  142  51:39  SCV x5  
  145  51:51  SCV x3  
  148  52:30  Barracks Tech Lab  
  148  52:34  Barracks Tech Lab  
  148  52:35  Barracks Tech Lab  
  148  52:43  Barracks Tech Lab  
  148  52:47  Barracks Tech Lab  
  148  53:21  Factory  
  148  53:24  Orbital Command  
  148  53:26  Orbital Command  
  148  53:28  Orbital Command  
  148  53:30  Refinery  
  148  53:31  Refinery  
  144  54:14  Marine x5  
  149  54:32  Marine x3  
  152  54:38  Starport  
  152  54:40  Starport  
  152  54:41  Starport, Marauder  
  154  54:50  Marauder x2  
  154  54:52  Marauder  
  148  55:10  Marauder x2  
  148  55:11  Marauder  
  154  55:28  Supply Depot  
  154  55:30  Supply Depot  
  154  55:31  Starport Tech Lab  
  154  55:32  Supply Depot  
  154  55:33  Supply Depot  
  154  55:34  Supply Depot  
  154  55:38  Starport Tech Lab  
  154  55:39  Starport Tech Lab  
  154  55:48  Supply Depot  
  154  55:49  Supply Depot  
  154  55:53  Marine x2  
  154  55:54  Marauder x3  
  159  56:11  Marine  
  147  56:19  Supply Depot  
  147  56:21  Supply Depot  
  147  56:22  Factory Tech Lab  
  147  56:23  Marine, Supply Depot  
  148  56:27  Supply Depot  
  148  56:29  Orbital Command  
  148  56:36  Marine  
  147  57:00  Marine  
  131  57:22  Marine x3  
  131  57:23  Marine  
  134  57:56  Siege Tank  
  137  58:02  Marauder x2  
  137  58:03  Marauder  
  137  58:04  Marauder  
  141  58:29  Marine  
  141  58:30  Marauder  
  142  58:44  Command Center  
  142  58:45  Viking  
  142  58:46  Viking x2  
  148  59:01  Siege Tank  
  151  59:08  Refinery  
  151  59:11  Refinery  
  152  59:18  Marauder x3  
  157  59:47  Marauder x3  
  163  59:59  Orbital Command  
  153  60:23  Raven x2  
  157  60:40  SCV x2  
  148  61:30  Siege Tank  
  148  61:31  Viking x2  
  155  61:35  Viking  
  157  61:57  Engineering Bay  
  157  62:36  Orbital Command  
  126  63:16  Raven  
  126  63:17  Raven  
  126  63:18  Siege Tank  
  133  63:48  Sensor Tower  
  136  64:49  Starport Tech Lab  
  136  64:50  Starport Tech Lab  
  130  65:25  Orbital Command  
  126  65:37  Viking x2  
  130  65:57  Fusion Core  
Show
View Real Time Build Order
Export as new Build Order

sauza Terran - Winner!

Build Orders: Mech 

Get SALT Encoding   

  12  0:00  SCV  
  13  0:15  SCV  
  14  0:23  Supply Depot  
  14  0:27  SCV  
  15  0:31  Refinery  
  15  0:45  SCV  
  15  0:48  Barracks  
  16  0:58  Refinery  
  16  1:00  SCV  
  17  1:12  SCV  
  18  1:25  SCV  
  19  1:39  Factory  
  19  1:41  Orbital Command  
  19  1:45  Marine  
  20  1:54  Supply Depot  
  20  2:03  Marine  
  20  2:07  SCV  
  22  2:19  SCV  
  23  2:25  Widow Mine  
  23  2:29  Marine, Armory  
  26  2:31  SCV  
  27  2:42  Starport  
  27  2:47  Marine  
  27  2:48  Factory Tech Lab  
  28  2:52  SCV  
  29  2:58  Supply Depot  
  29  3:16  SCV  
  30  3:20  Thor  
  30  3:24  Medivac  
  38  3:32  SCV  
  39  3:43  Terran Vehicle And Ship Armor Level 1  
  39  3:53  Command Center  
  39  4:00  Supply Depot  
  39  4:28  Supply Depot  
  39  4:29  Thor  
  39  4:31  Marine  
  45  4:35  Supply Depot  
  45  5:05  SCV  
  45  5:07  Medivac  
  48  5:27  Orbital Command  
  48  5:29  Thor  
  48  5:30  Refinery  
  54  5:36  Medivac  
  54  5:37  Supply Depot  
  54  5:40  Bunker  
  56  5:49  SCV  
  57  6:01  SCV  
  58  6:09  SCV  
  59  6:13  SCV  
  60  6:29  Refinery  
  60  6:40  SCV x2, Siege Tank  
  60  6:41  Starport Reactor  
  60  6:45  Command Center  
  65  6:48  Factory x2  
  65  6:50  Terran Vehicle And Ship Armor Level 2  
  65  6:57  SCV x2  
  67  7:09  SCV  
  67  7:10  SCV  
  69  7:18  Siege Tank  
  69  7:21  SCV  
  73  7:22  SCV  
  74  7:33  SCV  
  74  7:35  SCV  
  76  7:45  SCV  
  76  7:47  SCV  
  76  7:51  Factory Tech Lab x2  
  78  7:53  Engineering Bay  
  78  7:58  SCV  
  79  7:59  SCV  
  79  8:05  Siege Tank  
  83  8:06  Viking x2  
  83  8:10  SCV  
  83  8:11  SCV  
  89  8:14  SCV  
  90  8:22  Command Center  
  90  8:29  Siege Tank x2  
  96  8:35  Missile Turret  
  96  8:40  Missile Turret  
  96  8:41  Siege Tank  
  99  8:42  Missile Turret  
  97  9:02  Viking x2  
  101  9:07  Planetary Fortress  
  96  9:29  Refinery  
  96  9:30  Refinery  
  96  9:35  Medivac  
  96  9:36  SCV x2  
  100  9:42  Missile Turret x3, Orbital Command  
  100  9:43  Missile Turret  
  100  9:46  Missile Turret x2, Refinery  
  100  9:47  SCV  
  100  9:48  SCV x2  
  103  9:59  Terran Vehicle Weapons Level 1, SCV  
  104  10:00  SCV x2  
  104  10:06  Missile Turret  
  106  10:07  Missile Turret  
  106  10:11  SCV  
  106  10:12  SCV  
  106  10:14  Missile Turret x2  
  108  10:18  SCV x2  
  108  10:21  Missile Turret  
  110  10:24  SCV  
  111  10:30  Viking  
  111  10:31  Viking  
  115  10:36  SCV  
  116  10:42  Supply Depot  
  116  10:43  Supply Depot  
  116  10:47  Missile Turret  
  116  10:48  Missile Turret x2  
  116  10:52  Missile Turret  
  116  11:04  SCV x2, Viking  
  116  11:07  Siege Tank x3  
  121  11:25  Viking  
  115  11:30  Missile Turret  
  115  11:31  Missile Turret  
  115  11:32  Missile Turret x2  
  109  11:34  Viking  
  109  11:37  Armory  
  109  11:39  Siege Tank x2  
  117  11:41  Fusion Core  
  117  11:42  Starport  
  117  11:43  Starport  
  117  11:45  Starport  
  117  11:49  Siege Tank  
  120  11:54  Missile Turret  
  120  11:57  SCV x2  
  122  12:10  SCV x4, Starport Tech Lab  
  126  12:16  Command Center  
  126  12:22  SCV x4  
  130  12:27  Supply Depot  
  130  12:28  Supply Depot  
  130  12:29  Supply Depot  
  130  12:30  Starport Tech Lab  
  130  12:31  Starport Tech Lab x2  
  130  12:34  SCV  
  131  12:38  Terran Ship Weapons Level 1  
  131  12:39  Terran Vehicle And Ship Armor Level 3  
  131  12:53  Widow Mine  
  131  12:54  Widow Mine x2  
  137  13:00  Missile Turret  
  137  13:04  Battlecruiser x3  
  151  13:35  Weapon Refit  
  151  13:36  Siege Tank  
  151  13:41  Siege Tank  
  155  13:43  Siege Tank  
  152  13:53  Battlecruiser  
  148  14:08  Siege Tank  
  150  14:14  Battlecruiser  
  156  14:19  Command Center  
  155  14:43  Missile Turret  
  155  14:45  Command Center  
  155  14:47  Missile Turret  
  155  14:49  SCV  
  156  14:59  Terran Ship Weapons Level 2  
  156  15:13  Missile Turret  
  156  15:16  Terran Vehicle Weapons Level 2  
  156  15:17  Missile Turret  
  156  15:23  Supply Depot  
  156  15:24  Supply Depot x2  
  156  15:30  Command Center  
  156  15:32  Missile Turret  
  156  15:34  Missile Turret  
  156  15:38  Command Center  
  156  15:43  Neosteel Armor, Supply Depot  
  156  15:45  Battlecruiser, Supply Depot, SCV x3, Siege Tank x2  
  156  15:46  Battlecruiser, Siege Tank  
  156  15:47  Refinery  
  180  15:53  Refinery  
  180  16:09  Battlecruiser  
  186  16:17  Siege Tank x2  
  192  16:44  Siege Tank  
  192  16:46  Orbital Command  
  195  16:49  Siege Tank  
  195  16:52  Missile Turret  
  195  16:53  Missile Turret  
  198  16:56  Missile Turret  
  198  16:57  Missile Turret  
  198  17:04  Supply Depot  
  198  17:05  Supply Depot  
  198  17:13  Orbital Command  
  198  17:15  Planetary Fortress  
  198  17:23  Hi-Sec Auto Tracking, Terran Ship Weapons Level 3  
  198  17:24  Missile Turret  
  198  17:26  Missile Turret  
  198  17:27  Missile Turret  
  196  17:57  Terran Vehicle Weapons Level 3  
  196  18:05  Drilling Claws  
  196  18:06  Command Center, Widow Mine x2  
  196  18:10  Command Center  
  193  19:20  Battlecruiser x2  
  199  19:49  Battlecruiser  
  199  21:09  Planetary Fortress  
  199  21:23  SCV  
  200  21:33  Missile Turret  
  200  21:35  Missile Turret, Refinery  
  200  21:36  Missile Turret  
  188  22:03  Missile Turret  
  188  22:04  Missile Turret, SCV x3  
  191  22:33  Refinery  
  191  22:40  Battlecruiser  
  197  23:10  Missile Turret  
  197  23:12  Missile Turret x5  
  197  23:32  Missile Turret  
  197  23:33  Missile Turret  
  197  23:39  Missile Turret, Widow Mine  
  196  23:58  Planetary Fortress  
  196  24:00  Refinery  
  196  24:01  Refinery  
  196  24:05  Missile Turret  
  196  24:06  Missile Turret  
  196  24:09  Missile Turret  
  189  24:40  Missile Turret  
  189  24:42  Missile Turret  
  189  24:51  Missile Turret x2  
  189  25:10  Missile Turret  
  189  25:12  Missile Turret  
  189  25:14  Command Center  
  189  25:15  Command Center  
  180  25:41  Battlecruiser x2  
  180  25:42  Battlecruiser  
  200  25:50  Widow Mine  
  197  26:10  Missile Turret  
  194  26:11  Missile Turret  
  194  26:12  Missile Turret x3  
  194  26:13  Missile Turret  
  194  26:14  Missile Turret  
  194  26:24  Missile Turret  
  194  26:25  Missile Turret  
  194  26:28  Missile Turret  
  194  26:29  Missile Turret  
  192  26:32  Missile Turret  
  192  26:34  Missile Turret x2  
  192  26:36  Missile Turret x2  
  186  26:40  Missile Turret  
  186  26:42  Missile Turret  
  168  26:52  Battlecruiser x4  
  192  26:56  Missile Turret x3  
  192  27:15  Refinery  
  192  27:17  Missile Turret x2  
  192  27:19  Missile Turret  
  192  27:24  Missile Turret  
  192  27:28  Refinery x2  
  190  27:38  Command Center  
  190  27:53  Missile Turret  
  190  27:54  Missile Turret  
  190  27:56  Battlecruiser  
  196  28:01  Missile Turret  
  196  28:04  Missile Turret  
  193  28:24  Battlecruiser  
  199  28:29  Missile Turret  
  199  28:30  Missile Turret  
  199  28:32  Missile Turret  
  199  28:34  Missile Turret  
  199  28:44  Missile Turret  
  199  28:45  Missile Turret  
  199  28:54  Planetary Fortress  
  199  28:58  Missile Turret  
  199  29:08  Sensor Tower  
  199  29:35  Missile Turret  
  199  29:37  Missile Turret  
  198  29:50  Missile Turret  
  192  29:58  Battlecruiser x2  
  198  30:13  Missile Turret  
  198  30:29  Missile Turret x3  
  198  30:30  Orbital Command  
  198  30:31  Orbital Command  
  198  31:01  Missile Turret x2  
  198  31:02  Missile Turret  
  198  31:28  Widow Mine  
  200  31:35  Sensor Tower  
  200  31:38  Missile Turret  
  200  31:52  Missile Turret  
  199  32:01  Missile Turret x2  
  198  32:03  Missile Turret  
  198  32:09  Missile Turret  
  198  32:10  Missile Turret  
  198  32:11  Missile Turret  
  183  32:46  Battlecruiser  
  183  32:47  Battlecruiser x2  
  175  33:20  Battlecruiser  
  175  33:25  Missile Turret  
  175  33:26  Missile Turret  
  175  33:33  Missile Turret  
  175  33:34  Widow Mine x2  
  181  33:35  Missile Turret  
  181  33:36  Missile Turret  
  179  33:51  Battlecruiser x3  
  179  33:55  Widow Mine  
  199  33:59  Barracks Tech Lab  
  199  34:09  Missile Turret  
  199  34:11  Missile Turret  
  199  34:12  Missile Turret  
  199  34:49  Missile Turret  
  199  34:50  Missile Turret  
  197  35:27  Battlecruiser  
  197  35:45  Missile Turret  
  197  35:46  Missile Turret x2  
  197  35:47  Missile Turret  
  197  35:48  Missile Turret  
  197  36:02  Missile Turret  
  197  36:03  Missile Turret  
  195  36:05  Missile Turret  
  195  36:16  Widow Mine x2  
  199  36:25  Sensor Tower  
  199  36:32  Missile Turret x2  
  199  36:33  Missile Turret  
  187  36:55  Battlecruiser x2  
  187  36:56  Battlecruiser  
  187  36:57  Battlecruiser  
  197  37:09  Missile Turret x2  
  197  37:24  Ghost Academy  
  196  38:22  Refinery  
  196  38:40  Missile Turret  
  196  38:41  Missile Turret  
  191  39:14  Missile Turret  
  191  39:24  Missile Turret  
  191  40:28  Command Center  
  191  40:30  Command Center  
  165  42:17  Missile Turret  
  165  42:18  Missile Turret  
  165  42:33  Planetary Fortress  
  165  42:40  Missile Turret x2  
  163  43:34  Missile Turret x2  
  163  43:35  Missile Turret  
  163  43:36  Missile Turret  
  145  43:45  Battlecruiser x4  
  145  43:47  Widow Mine x2  
  145  43:48  Widow Mine x2  
  171  44:00  Infernal Pre-Igniter  
  171  44:11  Missile Turret  
  171  44:14  Refinery x2  
  175  44:31  Hellion x3  
  175  44:32  Hellion  
  179  44:44  Missile Turret  
  179  44:46  Missile Turret  
  179  44:49  Battlecruiser  
  185  44:56  Hellion x4  
  190  45:24  Hellion x2  
  190  45:25  Hellion  
  190  46:04  Battlecruiser x3  
  190  46:05  Hellion x2  
  198  46:37  Missile Turret  
  198  46:38  Missile Turret  
  194  46:42  Ghost  
  196  46:55  Hellion x2  
  200  47:38  Missile Turret  
  200  47:44  Hellion x3  
  194  48:08  Hellion x3  
  194  48:14  Widow Mine  
  192  48:30  Hellion x3  
  192  48:32  Missile Turret  
  198  48:35  Missile Turret  
  198  48:36  Missile Turret  
  198  48:38  Missile Turret  
  196  48:54  Orbital Command  
  196  49:05  Missile Turret, Refinery  
  196  49:06  Missile Turret  
  196  49:07  Missile Turret  
  194  49:11  Hellion  
  194  49:12  Hellion x3  
  194  49:40  Hellion x3  
  186  50:25  Hellion x4  
  188  50:55  Cyclone  
  188  50:56  Cyclone  
  194  51:11  Mag-Field Accelerator  
  188  51:25  Missile Turret  
  188  51:26  Missile Turret x2  
  188  51:28  Missile Turret, Cyclone  
  188  51:32  Cyclone x2  
  197  51:38  Missile Turret x2  
  197  51:40  Missile Turret  
  197  51:42  Missile Turret  
  197  51:43  Missile Turret  
  195  51:52  Missile Turret  
  186  51:57  Orbital Command  
  186  52:00  Cyclone  
  186  52:04  Cyclone x2  
  192  52:18  Missile Turret  
  192  52:19  Missile Turret  
  192  52:21  Missile Turret  
  192  52:23  Refinery  
  192  52:24  Refinery  
  192  52:32  Cyclone  
  192  52:33  Missile Turret x3  
  192  52:36  Cyclone  
  192  52:44  Missile Turret  
  192  52:47  Missile Turret  
  192  53:20  Cyclone x2  
  198  53:36  Missile Turret  
  186  55:25  Cyclone x3  
  195  55:57  Cyclone  
  189  57:13  Cyclone x2  
  183  58:53  Cyclone x3  
  192  59:25  Cyclone  
  184  60:21  Ghost  
  184  60:23  Cyclone x3  
  192  61:21  Cyclone x2  
  198  61:56  Sensor Tower  
  198  61:58  Missile Turret  
  196  62:32  Missile Turret x2  
  196  62:33  Missile Turret x2  
  191  62:39  Missile Turret x2  
  191  62:42  Cyclone x3  
  190  63:31  Missile Turret  
  190  63:32  Missile Turret  
  190  63:34  Missile Turret  
  190  63:37  Missile Turret  
  190  63:40  Missile Turret x3  
  190  63:42  Missile Turret  
  190  63:44  Missile Turret  
  185  64:43  Missile Turret x2  
  185  64:44  Missile Turret  
Tags
 
Composition
Mech
Matchup
TvT
Opening
1/1/1
Race
Terran
Spawn Locations
Cross Positions
Add a new tag
Caveats
  • Supply blocks, unpowered buildings, or Contaminate may cause inaccurate times.
  • Supply counts are checked every 10 seconds.